 Dungeon Crawl Stone Soup version 0.29.1-15-g9cfb28693d (webtiles) character file.

Game seed: 2803916673927287986

310 protoss039 the Digger (level 6, 47/47 HPs)
             Began as a Demonspawn Earth Elementalist on Mar 2, 2023.
             Got out of the dungeon alive.
             The game lasted 00:03:27 (3311 turns).

protoss039 the Digger (DsEE)                        Turns: 3311, Time: 00:03:28

Health: 47/47      AC:  9    Str:  9    XL:     6   Next: 18%
Magic:  11/11      EV: 10    Int: 18    God:
Gold:   123        SH:  0    Dex: 13    Spells: 6/12 levels left

rFire   . . .      SeeInvis .   o - +0 dagger
rCold   . . .      Faith    .   (no shield)
rNeg    . . .      Spirit   .   m - +0 ring mail
rPois   .          Reflect  .   d - +0 helmet
rElec   .          Harm     .   (no cloak)
rCorr   .          Rampage  .   l - +2 pair of gloves
Will    .....                   (no boots)
Stlth   +.........              (no amulet)
HPRegen 0.15/turn               i - +4 ring of slaying
MPRegen 0.12/turn               (no ring)

@: no status effects
A: hooves 1, ignite blood 1, demonic magic 1
a: no special abilities


You escaped.
You visited 1 branch of the dungeon, and saw 3 of its levels.

You collected 123 gold pieces.

Inventory:

Hand Weapons
 o - a +0 dagger (weapon)
Armour
 d - a +0 helmet (worn)
 l - a +2 pair of gloves (worn)
 m - a +0 ring mail (worn)
Jewellery
 i - a +4 ring of slaying (left hand)
Scrolls
 a - a scroll of teleportation {unknown}
 c - 2 scrolls of enchant weapon {unknown}
 e - a scroll of amnesia {unknown}
 f - 6 scrolls of identify {unknown}
 g - 5 scrolls of poison {unknown}
 h - a scroll of blinking {unknown}
 k - a scroll of butterflies {unknown}
 q - a scroll of immolation {unknown}
 s - a scroll of magic mapping {unknown}
 v - a scroll of enchant armour {unknown}
Potions
 b - 2 potions of magic
 j - 3 potions of heal wounds {unknown}
 n - a potion of haste {unknown}
 p - a potion of cancellation {unknown}
 r - 2 potions of curing {unknown}
 t - a potion of ambrosia {unknown}


   Skills:
 + Level 3.3 Fighting
 - Level 1.7 Dodging
 - Level 1.7 Stealth
 + Level 3.8 Spellcasting
 - Level 0.8 Transmutations
 + Level 4.2 Earth Magic


You had 6 spell levels left.
You knew the following spells:

 Your Spells              Type           Power      Damage    Failure   Level
a - Sandblast             Erth           36%        2d10      8%          1
b - Passwall              Tmut/Erth      10%        N/A       22%         2
c - Stone Arrow           Conj/Erth      22%        3d8       45%         3

Your spell library contained the following spells:

 Spells                   Type           Power      Damage    Failure   Level
 Freeze                   Ice            12%        1d4       38%         1
 Frozen Ramparts          Ice            6%         1d1       77%         3
 Gell's Gravitas          Tloc           3%         N/A       77%         3
 Lesser Beckoning         Tloc           3%         N/A       77%         3
 Teleport Other           Tloc           3%         N/A       77%         3
 Petrify                  Tmut/Erth      12%        N/A       82%         4
 Hailstorm                Conj/Ice       3%         3d3       99%         4


Dungeon Overview and Level Annotations

Branches:
Dungeon (3/15) Zot: 14632

Altars:

Shops:
D:3 :


Innate Abilities, Weirdness & Mutations

You have large cloven feet.
Your demonic aura sometimes causes spilled blood to erupt in flames.
Spells you cast may paralyse adjacent enemies.


Message History

Casting: Sandblast (safe; 11% risk of failure)
Confirm with . or Enter, or press ? or * to list all spells.
Aiming: Sandblast (safe; 11% risk of failure)
Press: ? - help, Shift-Dir - straight line, f - you, p - Grinder That would be overly suicidal.
Okay, then.
Unknown command.
Casting: Sandblast (safe; 11% risk of failure)
Confirm with . or Enter, or press ? or * to list all spells.
Aiming: Sandblast (safe; 11% risk of failure)
Press: ? - help, Shift-Dir - straight line, f - Grinder
Aim: Grinder (almost dead, covered in acid, 80% to hit)
The blast of sand hits Grinder!
You kill Grinder!
Malevolent energies surge around you.
Your Fighting skill increases to level 3!
Your Earth Magic skill increases to level 4!
You have reached level 5!
You have reached level 6!
Your demonic ancestry asserts itself...
Your blood heats up.
There is an open door here.
Magic restored.
You open the door.
There is an open door here.
You open the door.
There is an open door here.
There is an open door here.
There is a stone staircase leading up here.
You climb upwards.
There is a stone staircase leading down here.
(D) Dungeon
Where to? (Enter - D:3 @ (x,y), ? - help)
What level of the Dungeon? (default 1, ? - help)
There is a stone staircase leading up here.
You climb upwards.
There is a stone staircase leading down here.
There is a staircase leading out of the dungeon here.
Are you sure you want to leave the Dungeon?
This will make you lose the game!
You have escaped!

.........>....................§..
..######....#...............≈≈§≈≈
.......#......#######.......≈###≈
#.#....#......#######......§§# #§
#.#....#..............####..§###§
#.#....#.....########.# #..≈≈§≈≈
#+#....##...##......#.# ##.......
.......##...##.####.#.# #........
.......##...##.#@.#.#.# #.....###
.......###.###.#....#.# #.....###
......##...# #.######.###.......#
...........###........##........#
......##...##..######..#...##...#
......##...##..######..#...##...#
......##...##..........#....'...#
......##...###.......###.####...#
.......#....##...........#....#.#


There were no monsters in sight!

Vanquished Creatures
  Grinder (D:3)
  Robin (D:2)
  2 adders (D:2)
  3 worms (D:2)
  5 orcs (D:3)
  3 ball pythons
  4 endoplasms
  3 giant cockroaches
  10 goblins
  14 hobgoblins
  2 jackals (D:1)
  6 kobolds
  A quokka (D:1)
  5 bats
  3 frilled lizards (D:1)
  3 rats
66 creatures vanquished.

Vanquished Creatures (others)
  6 plants (D:2)
6 creatures vanquished.

Grand Total: 72 creatures vanquished

Notes
Turn   | Place    | Note
-------+----------+-------------------------------------------
     0 | D:1      | protoss039 the Demonspawn Earth Elementalist began the
                  | quest for the Orb.
     0 | D:1      | Reached XP level 1. HP: 13/13 MP: 3/3
   435 | D:1      | Gained mutation: You have large cloven feet. [demonic
                  | ancestry]
   435 | D:1      | Reached XP level 2. HP: 18/20 MP: 5/5
   634 | D:1      | Reached skill level 1 in Fighting
   743 | D:1      | Reached skill level 3 in Earth Magic
  1387 | D:1      | Gained mutation: Spells you cast may paralyse adjacent
                  | enemies. [demonic ancestry]
  1387 | D:1      | Reached XP level 3. HP: 26/26 MP: 4/6
  1691 | D:1      | Learned a level 2 spell: Passwall
  1813 | D:2      | Noticed Robin
  2044 | D:2      | Killed Robin
  2045 | D:2      | Reached XP level 4. HP: 33/33 MP: 6/8
  2158 | D:2      | Found a faded altar of an unknown god.
  2489 | D:2      | Learned a level 3 spell: Stone Arrow
  3066 | D:3      | Found Aric's Book Emporium.
  3161 | D:3      | Noticed Grinder
  3171 | D:3      | Killed Grinder
  3172 | D:3      | Reached skill level 4 in Earth Magic
  3172 | D:3      | Reached XP level 5. HP: 40/41 MP: 7/10
  3172 | D:3      | Gained mutation: Your demonic aura sometimes causes spilled
                  | blood to erupt in flames. [demonic ancestry]
  3172 | D:3      | Reached XP level 6. HP: 45/47 MP: 7/11
  3311 | D:$      | Got out of the dungeon alive.

Illustrated notes

Levels and vault maps discovered:
D:1:      zelgadis_glass_arrival_small, layout_basic, st_stairs_2,
          kennysheep_boxes
D:2:      layout_rooms, ebering_ecumenical_altar_petrified, serial_bayou,
          serial_bayou_pond_d, serial_bayou_pond_d, serial_bayou_ford_a,
          serial_bayou_crossing, uniq_robin
D:3:      layout_loops_corners, serial_shops, shop, dreamdust_princess_bridge,
          uniq_grinder

Skill      XL: |  1  2  3  4 |
---------------+-------------+-----
Fighting       | 1 3 |  3.3
Earth Magic    | 3 4 |  4.2
Spellcasting   | 3 |  3.8
Dodging        | |  1.7
Stealth        | |  1.7
Transmutations | |  0.8

Action                   |  1- 3 |  4- 6 || total
-------------------------+-------+-------++-------
Melee: Unarmed           |     7 |       ||     7
       Club              |    28 |       ||    28
       Kick              |     9 |    11 ||    20
       Dagger            |    16 |    39 ||    55
 Cast: Sandblast         |    32 |    13 ||    45
Evoke: Wand              |       |     4 ||     4
 Stab: Sleeping          |     2 |       ||     2
       Paralysed         |     3 |     4 ||     7
Armor: Robe              |     2 |       ||     2
       Ring mail         |    20 |    11 ||    31
Dodge: Dodged            |    47 |    20 ||    67
